Map: Proxima Station LE

Players

ArchangeL

  • Race: Terran Terran
  • Spawn Location: 1:00

thermy (uThermal) - Winner!

  • Race: Terran Terran
  • Spawn Location: 7:00

Event: WCS Valencia 2017

VOD

Have the link to the VOD?

Description

Time

  • Played on: July 13, 2017, 7:33 a.m.
  • Length: 9:37

All games in this series

Show
View Real Time Build Order
Export as new Build Order

ArchangeL Terran 

Build Orders:  

Get SALT Encoding   

  12  0:00  SCV  
  13  0:12  SCV  
  14  0:17  Supply Depot  
  14  0:24  SCV  
  15  0:30  Refinery  
  15  0:39  SCV  
  16  0:45  Barracks  
  16  0:51  SCV  
  17  1:03  SCV  
  18  1:15  SCV  
  19  1:32  Orbital Command, Reaper  
  20  1:46  Command Center  
  20  1:57  SCV  
  20  2:01  Factory  
  21  2:07  Barracks Reactor  
  21  2:10  SCV  
  22  2:16  Supply Depot  
  22  2:18  Refinery  
  22  2:22  SCV  
  23  2:37  SCV  
  24  2:44  Marine x2  
  24  2:46  Starport  
  24  2:49  SCV, Widow Mine  
  29  3:03  Marine x2  
  29  3:11  SCV  
  30  3:16  Orbital Command  
  30  3:21  Marine x2  
  30  3:26  SCV  
  33  3:30  Factory Tech Lab  
  33  3:38  SCV  
  33  3:39  Marine x2  
  36  3:42  SCV  
  36  3:47  Medivac  
  39  3:50  Engineering Bay  
  39  3:51  Siege Tank  
  39  3:53  SCV  
  43  3:57  Supply Depot  
  43  3:58  SCV  
  44  4:03  Marine  
  44  4:05  SCV  
  46  4:12  Supply Depot  
  46  4:18  Marine, SCV  
  46  4:23  Viking  
  50  4:24  Supply Depot  
  50  4:25  SCV  
  50  4:28  Marine  
  52  4:32  SCV  
  52  4:34  Cyclone  
  52  4:38  SCV  
  51  4:47  SCV  
  51  4:48  Marine  
  51  4:49  Marine  
  51  4:50  SCV  
  53  4:59  SCV  
  53  5:02  SCV  
  53  5:06  Marine x2  
  48  5:11  SCV  
  44  5:14  SCV  
  43  5:23  SCV  
  43  5:24  Marine  
  44  5:34  Command Center  
  44  5:36  SCV x2  
  44  5:39  Terran Infantry Weapons Level 1  
  46  5:44  Starport Reactor  
  46  5:51  Factory Tech Lab  
  46  5:52  Stimpack, Marine  
  46  5:54  Barracks  
  46  5:55  SCV  
  47  5:57  SCV  
  48  6:07  SCV  
  48  6:11  Siege Tank  
  52  6:12  Barracks  
  52  6:19  Marine  
  52  6:22  SCV x2  
  52  6:24  Refinery  
  52  6:25  Refinery  
  55  6:31  Starport Reactor  
  55  6:34  SCV x2  
  55  6:37  Barracks  
  55  6:39  Barracks  
  57  6:43  Marine x3  
  57  6:45  Siege Tank  
  57  6:46  SCV  
  64  6:48  Orbital Command  
  64  6:54  SCV  
  64  6:58  SCV  
  64  7:01  Marine  
  66  7:03  Marine x2  
  66  7:06  SCV  
  70  7:10  Armory  
  70  7:11  Engineering Bay  
  70  7:15  SCV  
  68  7:17  Orbital Command  
  68  7:18  Medivac  
  68  7:19  Marine  
  68  7:20  SCV  
  71  7:26  Barracks Reactor  
  71  7:27  Barracks Reactor, SCV  
  71  7:32  SCV  
  71  7:34  Terran Infantry Armor Level 1, Sensor Tower  
  72  7:38  Marine x5  
  72  7:39  SCV  
  79  7:44  SCV x2  
  80  7:51  SCV  
  80  7:52  Siege Tank  
  80  7:55  Medivac  
  80  7:57  SCV, Supply Depot  
  85  8:02  Supply Depot  
  85  8:03  Sensor Tower  
  85  8:12  Marine x2  
  85  8:17  Marine, Supply Depot  
  85  8:18  Marine x6  
  85  8:19  Liberator  
  90  8:23  SCV x2, Supply Depot  
  90  8:26  SCV  
  93  8:30  Marine x2  
  95  8:36  Marine  
  97  8:42  Viking  
  97  8:44  SCV  
  97  8:45  SCV  
  97  8:47  SCV  
  100  8:49  Marine x2  
  100  8:50  Marine x2  
  100  8:51  Marine  
  104  8:56  SCV  
  104  8:57  SCV  
  104  8:59  Siege Tank  
  104  9:02  SCV  
  109  9:06  Supply Depot  
  109  9:08  Marine  
  109  9:09  SCV  
  107  9:10  Marine  
Show
View Real Time Build Order
Export as new Build Order

thermy Terran - Winner!

Build Orders: Reaper Expand, MMM Bio 

Get SALT Encoding   

  12  0:02  SCV  
  13  0:14  SCV  
  13  0:19  Supply Depot  
  14  0:26  SCV  
  14  0:28  Refinery  
  15  0:41  SCV  
  16  0:45  Barracks  
  16  0:53  SCV  
  17  1:05  SCV  
  18  1:17  SCV  
  19  1:32  Orbital Command, Reaper  
  20  1:47  Command Center  
  20  1:57  SCV  
  21  2:04  Factory  
  21  2:07  Barracks Reactor  
  21  2:09  SCV  
  22  2:17  Supply Depot  
  22  2:21  SCV, Refinery  
  23  2:38  SCV  
  23  2:47  Marine x2  
  23  2:49  Starport  
  23  2:50  SCV, Widow Mine  
  27  3:05  Orbital Command  
  28  3:06  Marine x2  
  28  3:07  SCV  
  30  3:19  SCV  
  31  3:23  Marine  
  31  3:24  Marine  
  31  3:25  Medivac  
  35  3:30  Factory Tech Lab  
  35  3:31  SCV x2  
  37  3:38  Supply Depot  
  37  3:41  Marine x2  
  37  3:43  SCV x2  
  41  3:49  Siege Tank  
  41  3:55  SCV x2  
  45  4:00  Viking  
  45  4:01  Marine x2  
  50  4:07  Supply Depot  
  51  4:10  SCV x2  
  52  4:23  Command Center  
  52  4:26  SCV x2  
  54  4:36  Marine  
  55  4:38  SCV x2  
  55  4:40  Stimpack  
  57  4:48  Engineering Bay  
  57  4:50  SCV x2, Engineering Bay  
  58  4:59  Marine  
  59  5:02  SCV  
  59  5:03  SCV  
  55  5:15  SCV x2, Factory Reactor  
  55  5:18  Barracks, Refinery, Terran Infantry Weapons Level 1  
  55  5:19  Refinery  
  57  5:21  Terran Infantry Armor Level 1  
  57  5:22  Barracks  
  57  5:27  Marine, SCV x2  
  56  5:31  Supply Depot  
  56  5:37  Orbital Command  
  56  5:39  SCV x2  
  58  5:44  Marine  
  58  5:45  Starport Reactor  
  59  5:51  SCV x2  
  61  6:01  Factory Tech Lab  
  61  6:02  Marine  
  61  6:03  SCV x2  
  64  6:05  Barracks x2  
  64  6:07  Orbital Command  
  62  6:13  Marine  
  62  6:14  Marine x3  
  62  6:15  SCV  
  62  6:16  SCV  
  68  6:20  Marine  
  68  6:23  Armory  
  68  6:24  Medivac x2  
  73  6:27  Siege Tank, SCV  
  73  6:30  Marine, Supply Depot  
  73  6:32  Marine  
  79  6:33  SCV x2  
  79  6:38  Marine  
  79  6:39  SCV  
  82  6:43  Marine x2  
  82  6:45  SCV, Sensor Tower  
  85  6:50  Combat Shields  
  85  6:51  Marine x2  
  85  6:52  SCV  
  85  6:53  Barracks Reactor x2, Supply Depot  
  88  6:56  Marine, Medivac  
  88  7:01  Marine  
  92  7:04  Marine  
  92  7:05  Supply Depot  
  92  7:11  Marine x2  
  92  7:14  Marine  
  92  7:15  Siege Tank, Supply Depot, Terran Infantry Weapons Level 2  
  95  7:18  Refinery x2, Supply Depot  
  95  7:19  Marine  
  95  7:21  Marine  
  97  7:26  SCV x2, Supply Depot  
  97  7:29  Marine x2  
  101  7:35  Marine, SCV  
  101  7:36  Marine, Supply Depot x2  
  104  7:37  Marine  
  104  7:39  Marine  
  104  7:40  Marine  
  104  7:42  Marine, Terran Vehicle Weapons Level 1  
  104  7:43  Marine  
  107  7:46  SCV x2  
  107  7:48  Marine  
  107  7:50  Marine  
  111  7:51  Supply Depot  
  111  7:52  Marine  
  111  7:55  Siege Tank  
  115  8:00  Marine x2  
  115  8:04  SCV x2, Marine x2  
  115  8:05  Supply Depot  
  121  8:06  Marine  
  121  8:10  Marine x2  
  121  8:11  Factory  
  121  8:12  Marine x2  
  125  8:19  Marine x2  
  128  8:22  Marine x2, Medivac x2  
  128  8:26  Marine  
  134  8:29  Marine  
  134  8:32  Marine  
  134  8:33  Marine x2  
  138  8:36  Siege Tank, Supply Depot  
  138  8:37  Supply Depot  
  138  8:41  Marine  
  142  8:45  Command Center  
  143  8:49  Marine  
  143  8:51  Medivac  
  143  8:52  Medivac  
  143  8:53  Marine x2  
  149  8:56  Factory Tech Lab, Supply Depot x2  
  149  9:00  Marine  
  150  9:03  Marine x3  
  150  9:05  Marine x2  
  150  9:07  Marine  
  156  9:10  Marine  
  156  9:14  Marine  
  158  9:18  Marine  
Tags
 
Add a new tag
Caveats
  • Supply blocks, unpowered buildings, or Contaminate may cause inaccurate times.
  • Supply counts are checked every 10 seconds.